 Dungeon Crawl Stone Soup version 0.27.0-1-g7a089689b8 (webtiles) character file.

Game seed: 13432225777782542264

91 dolemite99 the Poker (level 4, -6/46 (49) HPs)
             Began as a Merfolk Gladiator on Aug 3, 2021.
             Was a Believer of Fedhas.
             Mangled by Crazy Yiuf (10 damage)
             ... on level 2 of the Dungeon.
             The game lasted 00:01:48 (1816 turns).

dolemite99 the Poker (Merfolk Gladiator)            Turns: 1816, Time: 00:01:49

HP:   -6/46 (49)    AC: 22    Str: 15    XL:     4   Next: 57%
MP:   4/4           EV:  2    Int:  7    God:    Fedhas [**....]
Gold: 54            SH:  0    Dex: 15    Spells: 3/3 levels left

rFire    . . .     SeeInvis .   a - +0 trident
rCold    . . .     Faith    .   (no shield)
rNeg     + + +     Spirit   .   (armour currently unavailable)
rPois    +         Reflect  .   (helmet currently unavailable)
rElec    .         Harm     .   (cloak currently unavailable)
rCorr    .         Rampage  .   (gloves currently unavailable)
Will     .....     NoTele   +   (boots currently unavailable)
Stlth    +.........             (no amulet)
HPRegen  0.15/turn              (no ring)
MPRegen  0.09/turn              (no ring)

@: tree-form, drained
A: stationary, stasis, torment immunity, boosted hp, (nimble swimmer 2),
(mertail)
a: Renounce Religion, Wall of Briars


You were on level 2 of the Dungeon.
You worshipped Fedhas.
Fedhas was pleased with you.
You were a tree.
You visited 1 branch of the dungeon, and saw 2 of its levels.

You collected 54 gold pieces.

Inventory:

Hand Weapons
 a - a +0 trident (weapon)
 o - a +4 vorpal mace
Missiles
 e - 16 sling bullets
 f - 56 stones (quivered)
Armour
 b - a +0 leather armour
 c - a +0 helmet (melded)
 l - a +0 scale mail (melded)
Scrolls
 g - a scroll of acquirement {unknown}
 i - a scroll of fear {unknown}
 m - a scroll of teleportation {unknown}
Potions
 h - a potion of cancellation
 k - a potion of attraction {unknown}
 n - 2 potions of flight


   Skills:
 - Level 2.1 Fighting
 + Level 7.6 Polearms
 - Level 2.0 Throwing
 - Level 4.0 Dodging


You had 3 spell levels left.
You didn't know any spells.
Your spell library contained the following spells:

 Spells                   Type           Power      Damage    Failure   Level
 Passwall                 Tmut/Erth      0%         N/A       56%         2
 Swiftness                Air            0%         N/A       80%         3
 Invisibility             Hex            0%         N/A       100%        6


Dungeon Overview and Level Annotations

Branches:
Dungeon (2/15)

Altars:
Fedhas

Annotations:
D:2 Crazy Yiuf


Innate Abilities, Weirdness & Mutations

You are a tree.
Your roots penetrate the ground, keeping you stationary.
You cannot be teleported.
You are immune to unholy pain and torment.
Your maximum health is greatly increased.
Your equipment is partially melded.
((You are quick and stealthy near water. (Stealth+, EV+, Speed+++)))
((Your lower body shifts to a powerful aquatic tail in water.))


Message History

The throwing net barely misses Crazy Yiuf.
Crazy Yiuf hits you with a +4 quarterstaff of chaos!
* * * LOW HITPOINT WARNING * * *
You feel drained.
* * * LOW HITPOINT WARNING * * *
Throw: throwing net
Press: ? - help, Shift-Dir - straight line, f/p - Crazy Yiuf
Aim: Crazy Yiuf, wielding a +4 quarterstaff of chaos and wearing a +0 cloak of preservation (lightly wounded, 64% to hit)
You throw a throwing net. The throwing net hits Crazy Yiuf.
Crazy Yiuf is caught in the net!
Crazy Yiuf is lightly wounded.
Crazy Yiuf struggles against the net.
You catch the helpless Crazy Yiuf completely off-guard!
You hit Crazy Yiuf.
Crazy Yiuf is moderately wounded.
Crazy Yiuf struggles against the net.
It was a potion of flight.
You feel very buoyant.
You fly up into the air.
Crazy Yiuf struggles against the net.
It was a potion of cancellation.
Your magical effects are unravelling.
You feel magically purged.
You float gracefully downwards.
Crazy Yiuf glowers.
Crazy Yiuf struggles against the net.
You hit Crazy Yiuf but do no damage.
Crazy Yiuf is moderately wounded.
Crazy Yiuf struggles against the net.
The net rips apart, and Crazy Yiuf comes free!
You closely miss Crazy Yiuf.
Crazy Yiuf is moderately wounded.
Crazy Yiuf sings, "Trees, trees, trees, circus!"
Crazy Yiuf hits you but does no damage.
Okay, then.
It was a potion of lignification.
You turn into a tree.
Your +0 helmet melds into your body.
Your +0 scale mail melds into your body.
Your roots penetrate the ground.
Crazy Yiuf hits you with a +4 quarterstaff of chaos!
You die...
Fedhas appreciates your contribution to the ecosystem.

### ..# #.# #<# #.#
#.# #.#######♣♣ ###
##.......+.♣♣ ♣♣#)))#
..>###......♣♣♣♣♣g))(#
#### ##.....)♣))♣#)))#
##.+..♣)♣♣♣ ###
###♣♣♣♣♣ ### ### ##
####.# #.# .##
####....# #.#
..#######.......# #.#


You could see Crazy Yiuf.

Vanquished Creatures
  Terence (D:2)
  A gnoll (D:1)
  An adder (D:2)
  2 dart slugs (D:1)
  2 ball pythons (D:1)
  3 endoplasms (D:1)
  A giant cockroach (D:1)
  4 goblins
  2 hobgoblins (D:1)
  13 jackals (D:1)
  3 quokkas
  A bat (D:1)
  A frilled lizard (D:1)
  A kobold (D:1)
  3 rats (D:1)
  A spectral hobgoblin (D:1)
40 creatures vanquished.

Vanquished Creatures (collateral kills)
  An endoplasm (D:2)
  A goblin (D:2)
2 creatures vanquished.

Grand Total: 42 creatures vanquished

Notes
Turn   | Place    | Note
-------+----------+-------------------------------------------
     0 | D:1      | dolemite99 the Merfolk Gladiator began the quest for the
                  | Orb.
     0 | D:1      | Reached XP level 1. HP: 16/16 MP: 1/1
   144 | D:1      | Reached skill level 5 in Polearms
   146 | D:1      | Reached XP level 2. HP: 22/22 MP: 2/2
   422 | D:1      | Found a faded altar of an unknown god.
   437 | D:1      | Became a worshipper of Fedhas Madash
   437 | D:1      | Reached * piety under Fedhas
   682 | D:1      | Reached skill level 6 in Polearms
   682 | D:1      | Reached XP level 3. HP: 27/27 MP: 3/3
  1237 | D:1      | Reached ** piety under Fedhas
  1394 | D:2      | Reached skill level 7 in Polearms
  1394 | D:2      | Reached XP level 4. HP: 31/33 MP: 4/4
  1411 | D:2      | Noticed Terence
  1472 | D:2      | Killed Terence
  1802 | D:2      | Found a runed translucent door.
  1803 | D:2      | Noticed Crazy Yiuf
  1816 | D:2      | Mangled by Crazy Yiuf

Illustrated notes

Levels and vault maps discovered:
D:1:      enne_arrival_octagon_isle, layout_loops_ring,
          dreamdust_ecumenical_altar_drowned_temple
D:2:      layout_loops_ring, minmay_goblin_outpost, uniq_crazy_yiuf_cottage,
          uniq_terence

Skill      XL: |  1  2  3 |
---------------+----------+-----
Polearms       | 5 6 7 |  7.6
Fighting       | |  2.1
Throwing       | |  2.0
Dodging        | |  4.0

Action                   |  1- 3 |  4- 6 || total
-------------------------+-------+-------++-------
Melee: Trident           |   113 |    26 ||   139
Throw: Throwing net      |       |     3 ||     3
Invok: Wall of Briars    |       |     1 ||     1
  Use: Potion            |       |     3 ||     3
 Stab: Sleeping          |     3 |       ||     3
       Held in net/web   |       |     1 ||     1
Armor: Leather armour    |    25 |       ||    25
       Scale mail        |     4 |     5 ||     9
Dodge: Dodged            |    71 |    10 ||    81
